PA
YELLOWKNIFE DRAGONBLOOD @ NEBRASKA PLAINSMEN
09/02/2028
 
TOP OF THE 1ST
Yellowknife Dragonblood batting - Pitching for Nebraska Plainsmen : RHP Ramón Luér
Pitching: RHP Ramón Luér
Batting: RHB Mareka Naidoo 0-0: Foul Ball, location: 2F
0-1: Called Strike
0-2: Ball
1-2: Foul Ball, location: 2F
1-2: Ball
2-2: Ball
3-2: Foul Ball, location: 2F
3-2: Foul Ball, location: 2F
3-2: Ground out 4-3 (Groundball, 4)
Batting: LHB Ashley Thachi 0-0: SINGLE (Groundball, 4MD)
Batting: LHB Jayden Laming 0-0: Ball
1-0: Ball
2-0: Called Strike
2-1: Foul Ball, location: 2F
2-2: Strikes out looking
Batting: RHB Juan López 0-0: Ball
1-0: Ball
2-0: Ball
3-0: Foul Ball, location: 2F
3-1: SINGLE (Groundball, 6D)
Ashley Thachi to second
Batting: RHB Riley Walker 0-0: Ball
1-0: Ball
2-0: Ball
3-0: Called Strike
3-1: Called Strike
3-2: Strikes out looking
Top of the 1st over - 0 run(s), 2 hit(s), 0 error(s), 2 left on base; Yellowknife 0 - Nebraska 0
BOTTOM OF THE 1ST
Nebraska Plainsmen batting - Pitching for Yellowknife Dragonblood : RHP Julián Menchaca
Pitching: RHP Julián Menchaca
Batting: LHB Elian Gonzalez 0-0: Called Strike
0-1: Swinging Strike
0-2: Strikes out swinging
Batting: LHB Gilberto Moreno 0-0: Foul Ball, location: 2F
0-1: Ball
1-1: Ball
2-1: Called Strike
2-2: Ball
3-2: Ground out U3 (Groundball, 3)
Batting: SHB Keyveat Postell 0-0: Called Strike
0-1: Swinging Strike
0-2: Foul Ball, location: 2F
0-2: Ball
1-2: Fly out, F2 (Popup, 2L)
Bottom of the 1st over - 0 run(s), 0 hit(s), 0 error(s), 0 left on base; Yellowknife 0 - Nebraska 0
TOP OF THE 2ND
Yellowknife Dragonblood batting - Pitching for Nebraska Plainsmen : RHP Ramón Luér
Batting: LHB Santiago Miranda 0-0: Ground out 6-3 (Groundball, 6)
Batting: RHB Víctor Cuevas 0-0: Ball
1-0: Ball
2-0: Fly out, F5 (Line Drive, 5F)
Batting: RHB Manuel Ramos 0-0: Ball
1-0: Foul Ball, location: 2F
1-1: Ball
2-1: Ground out 6-3 (Groundball, 6)
Top of the 2nd over - 0 run(s), 0 hit(s), 0 error(s), 0 left on base; Yellowknife 0 - Nebraska 0
BOTTOM OF THE 2ND
Nebraska Plainsmen batting - Pitching for Yellowknife Dragonblood : RHP Julián Menchaca
Batting: LHB Josh Platt 0-0: Ball
1-0: SINGLE (Flyball, 9LM)
Batting: RHB Alco Compagne 0-0: Ball
1-0: Foul Ball, location: 2F
1-1: Fly out, F8 (Flyball, 8LM)
Batting: LHB Gerardo Ponce de Leon 0-0: Foul Ball, location: 2F
0-1: Foul Ball, location: 2F
0-2: Ball
1-2: Ball
2-2: Foul Ball, location: 2F
2-2: Foul Ball, location: 2F
2-2: Fielders Choice at 2nd, 4-6 (Groundball, 34)
Batting: RHB Harith Karim 0-0: Called Strike
0-1: Foul Ball, location: 2F
0-2: Foul Ball, location: 2F
0-2: Foul Ball, location: 2F
0-2: Strikes out swinging
Bottom of the 2nd over - 0 run(s), 1 hit(s), 0 error(s), 1 left on base; Yellowknife 0 - Nebraska 0
TOP OF THE 3RD
Yellowknife Dragonblood batting - Pitching for Nebraska Plainsmen : RHP Ramón Luér
Batting: SHB Sean Scheetz 0-0: Called Strike
0-1: Fly out, F7 (Line Drive, 7LM)
Batting: RHB Mareka Naidoo 0-0: Foul Ball, location: 2F
0-1: SINGLE (Groundball, 34D)
Batting: LHB Ashley Thachi 0-0: Called Strike
0-1: DOUBLE (Line Drive, 7LS)
Mareka Naidoo to third
Batting: LHB Jayden Laming 0-0: Ball
1-0: Ground out 1-3 (Groundball, 13S)
Batting: RHB Juan López 0-0: Ball
1-0: Ball
2-0: Ball
3-0: Foul Ball, location: 2F
3-1: Called Strike
3-2: Foul Ball, location: 2F
3-2: Base on Balls
Batting: RHB Riley Walker 0-0: Ball
1-0: Swinging Strike
1-1: Swinging Strike
1-2: Ball
2-2: DOUBLE (Line Drive, 89D)
Mareka Naidoo scores
Ashley Thachi scores
Juan López to third
Runner from 3rd tries for Home, SAFE, no throw
Batting: LHB Santiago Miranda 0-0: Called Strike
0-1: Ball
1-1: Called Strike
1-2: Ball
2-2: Strikes out looking
Top of the 3rd over - 3 run(s), 3 hit(s), 0 error(s), 1 left on base; Yellowknife 3 - Nebraska 0
BOTTOM OF THE 3RD
Nebraska Plainsmen batting - Pitching for Yellowknife Dragonblood : RHP Julián Menchaca
Batting: LHB Bob Knutson 0-0: Ball
1-0: Ball
2-0: Ground out U3 (Groundball, 3L)
Batting: LHB Michael Cochran 0-0: Foul Ball, location: 2F
0-1: Ball
1-1: Ball
2-1: Ball
3-1: SINGLE (Groundball, 4MD)
Batting: LHB Elian Gonzalez 0-0: Ball
1-0: Ball
2-0: Fly out, F8 (Flyball, 78M)
Batting: LHB Gilberto Moreno 0-0: Ball
1-0: SINGLE (Flyball, 8LS)
Michael Cochran to second
Michael Cochran to third
Batting: SHB Keyveat Postell 0-0: 3-RUN HOME RUN (Flyball, 9LD), Distance : 346 ft
Batting: LHB Josh Platt 0-0: Ground out 4-3 (Groundball, 34)
Bottom of the 3rd over - 3 run(s), 3 hit(s), 0 error(s), 0 left on base; Yellowknife 3 - Nebraska 3
TOP OF THE 4TH
Yellowknife Dragonblood batting - Pitching for Nebraska Plainsmen : RHP Ramón Luér
Batting: RHB Víctor Cuevas 0-0: Called Strike
0-1: Foul Ball, location: 2F
0-2: Ball
1-2: Ball
2-2: Strikes out swinging, 2-3 out at first.
Batting: RHB Manuel Ramos 0-0: Ball
1-0: Bunt for hit - play at first, batter OUT! 1-3
Batting: SHB Sean Scheetz 0-0: Ball
1-0: Ball
2-0: Called Strike
2-1: Foul Ball, location: 2F
2-2: Foul Ball, location: 2F
2-2: DOUBLE (Line Drive, 3D)
Batting: RHB Mareka Naidoo 0-0: Ball
1-0: Ball
2-0: Foul Ball, location: 2F
2-1: Called Strike
2-2: Fly out, F8 (Flyball, 8LM)
Top of the 4th over - 0 run(s), 1 hit(s), 0 error(s), 1 left on base; Yellowknife 3 - Nebraska 3
BOTTOM OF THE 4TH
Nebraska Plainsmen batting - Pitching for Yellowknife Dragonblood : RHP Julián Menchaca
Batting: RHB Alco Compagne 0-0: Ball
1-0: DOUBLE (Line Drive, 3D)
Batting: LHB Gerardo Ponce de Leon 0-0: Foul Ball, location: 2F
0-1: Fly out, F7 (Flyball, 78M)
Batting: RHB Harith Karim 0-0: Ball
1-0: Called Strike
1-1: Ball
2-1: Called Strike
2-2: Ground out 5-3 (Groundball, 5S)
Alco Compagne to third
Batting: LHB Bob Knutson 0-0: Called Strike
0-1: Called Strike
0-2: Ball
1-2: Strikes out swinging
Bottom of the 4th over - 0 run(s), 1 hit(s), 0 error(s), 1 left on base; Yellowknife 3 - Nebraska 3
TOP OF THE 5TH
Yellowknife Dragonblood batting - Pitching for Nebraska Plainsmen : RHP Ramón Luér
Batting: LHB Ashley Thachi 0-0: Ball
1-0: Ground out 4-3 (Groundball, 34)
Batting: LHB Jayden Laming 0-0: Ball
1-0: Ball
2-0: Ground out U3 (Groundball, 34)
Batting: RHB Juan López 0-0: Ground out 6-3 (Groundball, 6)
Top of the 5th over - 0 run(s), 0 hit(s), 0 error(s), 0 left on base; Yellowknife 3 - Nebraska 3
BOTTOM OF THE 5TH
Nebraska Plainsmen batting - Pitching for Yellowknife Dragonblood : RHP Julián Menchaca
Batting: LHB Michael Cochran 0-0: Fly out, F3 (Popup, 34)
Batting: LHB Elian Gonzalez 0-0: TRIPLE (Flyball, 8LXD)
Batting: LHB Gilberto Moreno 0-0: Foul Ball, location: 2F
0-1: Ball
1-1: Foul Ball, location: 2F
1-2: Strikes out swinging
Batting: SHB Keyveat Postell 0-0: Ball
1-0: Ball
2-0: Foul Ball, location: 2F
2-1: Called Strike
2-2: Strikes out swinging
Bottom of the 5th over - 0 run(s), 1 hit(s), 0 error(s), 1 left on base; Yellowknife 3 - Nebraska 3
TOP OF THE 6TH
Yellowknife Dragonblood batting - Pitching for Nebraska Plainsmen : RHP Ramón Luér
Batting: RHB Riley Walker 0-0: Foul Ball, location: 2F
0-1: Ball
1-1: Foul Ball, location: 2F
1-2: Strikes out swinging
Batting: LHB Santiago Miranda 0-0: Ground out U3 (Groundball, 3)
Batting: RHB Víctor Cuevas 0-0: Foul Ball, location: 2F
0-1: Ground out 5-3 (Groundball, 56)
Top of the 6th over - 0 run(s), 0 hit(s), 0 error(s), 0 left on base; Yellowknife 3 - Nebraska 3
BOTTOM OF THE 6TH
Nebraska Plainsmen batting - Pitching for Yellowknife Dragonblood : RHP Julián Menchaca
Batting: LHB Josh Platt 0-0: Ball
1-0: Foul Ball, location: 2F
1-1: Foul Ball, location: 2F
1-2: Foul Ball, location: 2F
1-2: Ball
2-2: Fly out, F9 (Flyball, 89D)
Batting: RHB Alco Compagne 0-0: Foul Ball, location: 2F
0-1: Swinging Strike
0-2: Strikes out swinging
Batting: LHB Gerardo Ponce de Leon 0-0: Called Strike
0-1: SINGLE (Line Drive, 8LS)
Batting: RHB Harith Karim 0-0: Ball
1-0: Swinging Strike
1-1: Ball
2-1: Foul Ball, location: 2F
2-2: Foul Ball, location: 2F
2-2: Strikes out swinging
Bottom of the 6th over - 0 run(s), 1 hit(s), 0 error(s), 1 left on base; Yellowknife 3 - Nebraska 3
TOP OF THE 7TH
Yellowknife Dragonblood batting - Pitching for Nebraska Plainsmen : RHP Ramón Luér
Batting: RHB Manuel Ramos 0-0: Called Strike
0-1: Swinging Strike
0-2: Ball
1-2: Foul Ball, location: 2F
1-2: Foul Ball, location: 2F
1-2: Strikes out swinging
Pinch Hitting: SHB Barney Heise 0-0: Ball
1-0: Ball
2-0: Foul Ball, location: 2F
2-1: Swinging Strike
2-2: Strikes out looking
Batting: RHB Mareka Naidoo 0-0: Ball
1-0: Ball
2-0: Called Strike
2-1: Foul Ball, location: 2F
2-2: Ball
3-2: Base on Balls
Pitching: RHP Alejandro Morín
Batting: LHB Ashley Thachi 0-0: Ball
1-0: Ball
2-0: Fly out, F7 (Flyball, 7S)
Top of the 7th over - 0 run(s), 0 hit(s), 0 error(s), 1 left on base; Yellowknife 3 - Nebraska 3
BOTTOM OF THE 7TH
Nebraska Plainsmen batting - Pitching for Yellowknife Dragonblood : RHP Julián Menchaca
Now at 1B: Chong-yee Au-Yong
Batting: LHB Bob Knutson 0-0: Ball
1-0: Foul Ball, location: 2F
1-1: Foul Ball, location: 2F
1-2: Strikes out swinging
Pitching: RHP Pak Dong Hyeon
Batting: LHB Michael Cochran 0-0: Ball
1-0: Ball
2-0: Called Strike
2-1: Swinging Strike
2-2: Strikes out swinging
Batting: LHB Elian Gonzalez 0-0: Ball
1-0: Ball
2-0: Ball
3-0: Called Strike
3-1: Ground out 4-3 (Groundball, 4)
Bottom of the 7th over - 0 run(s), 0 hit(s), 0 error(s), 0 left on base; Yellowknife 3 - Nebraska 3
TOP OF THE 8TH
Yellowknife Dragonblood batting - Pitching for Nebraska Plainsmen : RHP Alejandro Morín
Batting: LHB Jayden Laming 0-0: Ball
1-0: Ball
2-0: Ball
3-0: Ground out U3 (Groundball, 34)
Pinch Hitting: LHB Juan Macíel 0-0: Ground out U3 (Groundball, 3)
Pinch Hitting: RHB Alejandro Bracamonte 0-0: Ball
1-0: Foul Ball, location: 2F
1-1: Swinging Strike
1-2: Ball
2-2: Strikes out swinging
Top of the 8th over - 0 run(s), 0 hit(s), 0 error(s), 0 left on base; Yellowknife 3 - Nebraska 3
BOTTOM OF THE 8TH
Nebraska Plainsmen batting - Pitching for Yellowknife Dragonblood : RHP Pak Dong Hyeon
Now at SS: Víctor Murguia
Now in CF: Juan Macíel
Batting: LHB Gilberto Moreno 0-0: Ball
1-0: Foul Ball, location: 2F
1-1: Foul Ball, location: 2F
1-2: Ball
2-2: Ball
3-2: Base on Balls
Pinch Runner at 1st Matthias Ballerini:
Batting: SHB Keyveat Postell 0-0: Ball
1-0: SINGLE (Line Drive, 6M)
Matthias Ballerini to second
Batting: LHB Josh Platt 0-0: Called Strike
0-1: Ball
1-1: Fly out, F9 (Flyball, 9S)
Batting: RHB Alco Compagne 0-0: Called Strike
0-1: Foul Ball, location: 2F
0-2: Ball
1-2: Ball
2-2: Strikes out swinging
Batting: LHB Gerardo Ponce de Leon 0-0: Ball
1-0: Fly out, F7 (Flyball, 7)
Bottom of the 8th over - 0 run(s), 1 hit(s), 0 error(s), 2 left on base; Yellowknife 3 - Nebraska 3
TOP OF THE 9TH
Yellowknife Dragonblood batting - Pitching for Nebraska Plainsmen : RHP Alejandro Morín
Pitching: RHP Joseph Merle
Now at 1B: Rafael Porfrio
Batting: LHB Santiago Miranda 0-0: Called Strike
0-1: Ball
1-1: Called Strike
1-2: Fly out, F8 (Flyball, 8RD)
Pinch Hitting: SHB Peer van Lochem 0-0: Called Strike
0-1: Fly out, F9 (Flyball, 9)
Batting: RHB Manuel Ramos 0-0: Ball
1-0: Foul Ball, location: 2F
1-1: Ball
2-1: Ground out 5-3 (Groundball, 5)
Top of the 9th over - 0 run(s), 0 hit(s), 0 error(s), 0 left on base; Yellowknife 3 - Nebraska 3
BOTTOM OF THE 9TH
Nebraska Plainsmen batting - Pitching for Yellowknife Dragonblood : RHP Pak Dong Hyeon
Now in LF: Peer van Lochem
Pinch Hitting: RHB Lloyd Raaijmakers 0-0: Ball
1-0: Fly out, F5 (Line Drive, 5S)
Batting: LHB Bob Knutson 0-0: Called Strike
0-1: Ball
1-1: Foul Ball, location: 2F
1-2: Foul Ball, location: 2F
1-2: Ball
2-2: SOLO HOME RUN (Flyball, 8RXD), Distance : 454 ft
Thursday, August 31st, 2017 - OOTP Baseball 17.12 Build 75